 Dungeon Crawl Stone Soup version 0.21.0-3-g78d12a8 (webtiles) character file.

1488 Amnesiac the Skirmisher (level 8, -13/42 HPs)
             Began as a Vine Stalker Chaos Knight on Jan 10, 2018.
             Mangled by a two-headed ogre
             ... wielding a +0 giant club
              (17 damage)
             ... on level 7 of the Dungeon.
             The game lasted 00:18:01 (5828 turns).

Amnesiac the Skirmisher (Vine Stalker Chaos Knight) Turns: 5828, Time: 00:18:01

Health: -13/42     AC: 20    Str: 18    XL:     8   Next: 80%
Magic:  0/18       EV:  3    Int: 12    God:    Xom [*.....]
Gold:   243        SH:  5    Dex: 13    Spells: 7/7 levels left

rFire    + . .     SeeInvis .   a - +1 short sword (chaos)
rCold    + . .     Gourm    .   C - +0 buckler {AC+3}
rNeg     . . .     Faith    .   w - +1 gold dragon scales
rPois    +         Spirit   +   (no helmet)
rElec    .         Reflect  .   (no cloak)
rCorr    .         Harm     +   i - +0 pair of gloves
MR       +....     Rnd*Tele +   (no boots)
Stlth    ..........             H - amulet of harm
HPRegen  0.54/turn              f - ring of magical power
MPRegen  0.16/turn              b - ring of teleportation (curse)

@: no status effects
A: fangs 3, blurry vision 1, regeneration 1, shaggy fur 1, evolution 1, magic
shield, antimagic bite, no potion heal 3, rot immunity
a: Renounce Religion


You were on level 7 of the Dungeon.
You worshipped Xom.
You were a special plaything of Xom.
You were full.

You visited 1 branch of the dungeon, and saw 7 of its levels.

You collected 385 gold pieces.
You spent 142 gold pieces at shops.

Inventory:

Hand Weapons
 a - a +1 short sword of chaos (weapon)
 d - a +0 dagger of protection
Missiles
 l - 17 poisoned needles
 o - 96 stones (quivered)
 F - 2 needles of confusion
Armour
 i - a +0 pair of gloves (worn)
 w - +1 gold dragon scales (worn)
 C - a +0 buckler of protection (worn)
Jewellery
 b - a cursed ring of teleportation (right hand)
 f - a ring of magical power (left hand)
 x - an uncursed amulet of the gourmand
 H - an amulet of harm (around neck)
Wands
 q - a wand of flame (19)
 r - a wand of iceblast (3)
 t - a wand of random effects (23)
Scrolls
 e - 2 scrolls of enchant armour {!r}
 j - 2 scrolls of amnesia {!r}
 p - a scroll of remove curse {!r}
 s - 2 scrolls of magic mapping {!r, unknown}
 y - 2 scrolls of teleportation {!r, unknown}
 z - 2 scrolls of fog {!r}
 G - a scroll of blinking {!r}
 I - 2 scrolls of identify {!r}
 J - a scroll of random uselessness {!r, unknown}
Potions
 g - a potion of ambrosia {!q, unknown}
 h - a potion of agility {!q, unknown}
 k - a potion of might {!q}
 m - 2 potions of degeneration {!q, unknown}
 n - 6 potions of curing {!q}
 u - 2 potions of flight {!q, unknown}
 A - a potion of invisibility {!q}
 B - 3 potions of lignification {!q, unknown}
 D - a potion of brilliance {!q}
 E - a potion of magic {!q}
 K - a potion of cancellation {!q, unknown}
Comestibles
 c - 13 rations
 v - 5 chunks of flesh


   Skills:
 * Level 4.7 Fighting
 * Level 4.6 Short Blades
 * Level 4.2 Armour
 * Level 4.2 Dodging
 + Level 3.7 Stealth
 * Level 3.4 Shields


You had 7 spell levels left.
You didn't know any spells.

Dungeon Overview and Level Annotations

Branches:
Dungeon (7/15)             Temple (0/1) D:7

Altars:
Ashenzari
Dithmenos
Elyvilon
Kikubaaqudgha
Okawaru
Sif Muna
Trog
Wu Jian
Xom

Shops:
D:5 [

Annotations:
D:6 Edmund


Innate Abilities, Weirdness & Mutations

You have razor-sharp teeth.
Your natural rate of healing is unusually fast.
When hurt, damage is shared between your health and your magic reserves.
Your bite disrupts and absorbs the magic of your enemies.
Potions cannot restore your health.
You are immune to rotting.
Scrolls take you a little longer to read.
You are covered in fur. (AC +1)
You evolve.


Message History

You are suddenly yanked towards a nearby monster!
Your surroundings suddenly seem different.
A kobold comes into view.
The kobold shouts!
You hear a shout!
The kobold hits you but does no damage.
You closely miss the kobold. You bite the kobold. You drain its power.
You kill the kobold! 3 kobolds and a big kobold come into view.
The big kobold shouts!
The kobold shouts! x2
Some of the chunks of flesh in your inventory have rotted away.
There are monsters nearby!
You hit the big kobold but do no damage.
The big kobold appears confused.
You feel sick.
You bite the big kobold! You drain its power.
The big kobold is moderately wounded.
You puncture the big kobold!
The big kobold twitches violently.
The big kobold is severely wounded.
The big kobold hits something.
You hit the big kobold. You drain the big kobold!
The big kobold is almost dead.
The big kobold hits you but does no damage.
You hit the big kobold but do no damage.
Space warps horribly around the big kobold!
You kill the big kobold!
You hit the kobold.
The kobold is moderately wounded.
You block the kobold's attack.
You hit the kobold but do no damage. Lightning courses through the kobold!
You kill the kobold!
You hit the kobold.
You kill the kobold!
You hit the kobold but do no damage. You bite the kobold. You drain its power.
You kill the kobold!
No target in view!
You swap places.
You now have 243 gold pieces (gained 8).
Items here: ))) † a short sword x2; a dagger; a kobold corpse You swap places.
I - 2 scrolls of identify {!r} (gained 1)
The two-headed ogre shouts in stereo!
The two-headed ogre is too close now for your liking.
A two-headed ogre is nearby!
A two-headed ogre is nearby!
You hit the two-headed ogre.
Lightning courses through the two-headed ogre!
You bite the two-headed ogre, but do no damage.
The two-headed ogre is moderately wounded.
The two-headed ogre hits you with a giant club.
The two-headed ogre hits you with a giant club!
You hit the two-headed ogre.
The two-headed ogre is poisoned.
The two-headed ogre is heavily wounded.
Your crimson imp blinks!
The two-headed ogre hits you with a giant club!
The two-headed ogre hits you but does no damage.
You hit the two-headed ogre.
The two-headed ogre goes berserk!
The two-headed ogre is heavily wounded.
Okay, then.
Unknown command.
The two-headed ogre hits you with a giant club!!
* * * LOW HITPOINT WARNING * * *
The two-headed ogre hits you with a giant club!
You die...
Xom giggles madly!

#..##..###...............
...####.)###.............#
.### ##.####...........## ##
#.#.....##.#######
#...######..# #.5#.......#
#..#.##...##
####.......#.###
####...@#.........#
##....###O.........#
#####..######..#.......#
##..............).......#
####..###.######...........#
....)####.# ###..#........#
#####.....# #....#.########
####.########.##.#.#
#....####........#..


You could see a two-headed ogre (berserk) and a friendly crimson imp.

Vanquished Creatures
  Sigmund (D:6)
  A sky beast (D:6)
  2 ice beasts
  An ogre (D:7)
  A big kobold (D:7)
  A bullfrog (D:7)
  A water moccasin zombie (D:6)
  A crimson imp (D:6)
  A bullfrog zombie (D:5)
  2 orc priests
  A jelly (D:7)
  3 hounds
  A centaur skeleton (D:6)
  5 worker ants
  2 orc wizards (D:6)
  2 hound zombies (D:6)
  A gnoll (D:1)
  A howler monkey skeleton (D:4)
  10 adders
  3 shadow imps
  2 oozes
  An adder zombie (D:6)
  3 worms
  3 dart slugs
  7 leopard geckos
  15 orcs
  2 ball pythons (D:3)
  6 giant cockroaches
  5 goblins
  10 hobgoblins
  20 jackals
  5 quokkas
  11 bats
  5 frilled lizards
  11 kobolds
  13 rats
160 creatures vanquished.

Vanquished Creatures (others)
  A hobgoblin (D:3)
1 creature vanquished.

Grand Total: 161 creatures vanquished

Notes
Turn   | Place    | Note
-------+----------+-------------------------------------------
     0 | D:1      | Amnesiac the Vine Stalker Chaos Knight began the quest for the Orb.
     0 | D:1      | Reached XP level 1. HP: 11/11 MP: 2/2
    16 | D:1      | Reached skill level 1 in Dodging
    78 | D:1      | Reached XP level 2. HP: 7/16 MP: 1/3
   118 | D:1      | XOM: silly message
   310 | D:1      | XOM: harmless Pois miscast
   372 | D:1      | XOM: potion effect (invisibility)
   381 | D:1      | Reached XP level 3. HP: 11/19 MP: 2/4
   485 | D:1      | XOM: potion effect (invisibility)
   541 | D:1      | XOM: harmless Erth miscast
   602 | D:1      | Gained mutation: Your natural rate of healing is unusually fast. [Vine Stalker growth]
   602 | D:1      | Reached XP level 4. HP: 21/23 MP: 5/5
  1213 | D:2      | XOM: smoke on damage
  1468 | D:2      | Found an ornate altar of the Wu Jian Council.
  1470 | D:2      | Found a shadowy altar of Dithmenos.
  1593 | D:2      | XOM: mild Summ miscast
  1663 | D:2      | Found a white marble altar of Elyvilon.
  1749 | D:2      | XOM: medium Ice miscast
  2122 | D:3      | Reached XP level 5. HP: 25/28 MP: 6/6
  2127 | D:3      | XOM: confuse monster(s)
  2396 | D:3      | Reached skill level 1 in Stealth
  2658 | D:4      | Reached skill level 1 in Shields
  2755 | D:4      | XOM: noise
  2895 | D:4      | Reached XP level 6. HP: 32/32 MP: 7/7
  3182 | D:4      | Noticed a two-headed ogre
  3201 | D:4      | XOM: fog
  3213 | D:4      | XOM: scenery: create altars
  3226 | D:4      | XOM: potion effect (brilliance)
  3230 | D:5      | Entered Level 5 of the Dungeon
  3261 | D:5      | Found a bloodstained altar of Trog.
  3295 | D:5      | Found an ancient bone altar of Kikubaaqudgha.
  3329 | D:5      | Found an ancient bone altar of Kikubaaqudgha.
  3348 | D:5      | XOM: destruction
  3372 | D:5      | Found Esui's Antique Armour Shop.
  3398 | D:5      | Bought a runed buckler for 142 gold pieces
  3464 | D:5      | XOM: summons 2 hostile demons
  3535 | D:5      | XOM: medium Hex miscast
  3559 | D:5      | XOM: give mutation
  3559 | D:5      | Gained mutation: Scrolls take you a little longer to read. [Xom's mischief]
  3590 | D:5      | XOM: confuse monster(s)
  3597 | D:5      | Noticed an ice beast
  3678 | D:6      | XOM: confuse monster(s)
  3695 | D:6      | Noticed an ice beast
  3716 | D:6      | Killed an ice beast
  3716 | D:6      | Reached XP level 7. HP: 36/36 MP: 8/8
  3954 | D:6      | XOM: 5-stop teleportation journey
  3959 | D:6      | Noticed Edmund
  3974 | D:6      | XOM: enchant monster (good)
  3977 | D:6      | XOM: cast spell 'Disjunction'
  3986 | D:6      | XOM: noise
  3999 | D:6      | XOM: enchant monster (good)
  4093 | D:6      | XOM: swap monsters
  4125 | D:6      | XOM: enchant monster (bad)
  4308 | D:6      | Noticed Sigmund
  4319 | D:6      | XOM: fog
  4374 | D:5      | XOM: noise
  4433 | D:5      | Gained mutation: You have razor-sharp teeth. [Vine Stalker growth]
  4433 | D:5      | Reached XP level 8. HP: 39/42 MP: 9/9
  4943 | D:4      | XOM: mild Conj miscast
  5121 | D:4      | XOM: butterfly on damage
  5121 | D:4      | XOM: smoke on damage
  5129 | D:4      | XOM: divination: magic mapping
  5133 | D:4      | XOM: harmless Ice miscast
  5142 | D:4      | XOM: summons 1 hostile shadow creature
  5150 | D:4      | XOM: divination: magic mapping
  5284 | D:6      | Found a shimmering altar of Xom.
  5285 | D:6      | Found an iron altar of Okawaru.
  5443 | D:6      | Found a deep blue altar of Sif Muna.
  5448 | D:6      | XOM: give mutations
  5448 | D:6      | Gained mutation: You evolve. [Xom's grace]
  5448 | D:6      | Gained mutation: You are covered in fur. (AC +1) [Xom's grace]
  5549 | D:6      | Killed Sigmund
  5599 | D:7      | Found a shattered altar of Ashenzari.
  5688 | D:7      | XOM: confusion (+ monsters)
  5747 | D:7      | Noticed a hornet
  5750 | D:7      | XOM: noise
  5751 | D:7      | XOM: cast spell 'Summon Hydra'
  5766 | D:7      | XOM: confuse monster(s)
  5774 | D:7      | XOM: confusion (+ monsters)
  5781 | D:7      | XOM: summons friendly crimson imp
  5787 | D:7      | Found a staircase to the Ecumenical Temple.
  5828 | D:7      | Mangled by a two-headed ogre

Skill      XL: |  1  2  3  4  5  6  7  8 |
---------------+-------------------------+-----
Dodging        | 1 2 3 4 |  4.2
Armour         | 2 3 4 |  4.2
Fighting       | 3 4 |  4.7
Stealth        | 1 2 3 |  3.7
Short Blades   | 3 4 |  4.6
Shields        | 1 2 3 |  3.4

Action                   |  1- 3 |  4- 6 |  7- 9 || total
-------------------------+-------+-------+-------++-------
Melee: Short sword       |    97 |   331 |   318 ||   746
       Bite              |    16 |    86 |    91 ||   193
       Dagger            |       |       |     1 ||     1
  Use: Scroll            |       |       |    10 ||    10
       Potion            |       |       |     1 ||     1
 Stab: Invisible         |     9 |       |       ||     9
       Paralysed         |     2 |       |       ||     2
       Confused          |       |     1 |       ||     1
       Petrifying        |       |     1 |       ||     1
       Petrified         |       |       |     2 ||     2
  Eat: Chunk             |       |    14 |     9 ||    23
Armor: Leather armour    |    33 |    63 |       ||    96
       Gold dragon scale |       |   142 |   268 ||   410
Dodge: Dodged            |    88 |   118 |    19 ||   225
Block: Buckler           |       |    33 |    52 ||    85
